 Dungeon Crawl Stone Soup version 0.30.0 (webtiles) character file.

Game seed: 3857283099787199393

14 Aldia the Grasshopper (level 2, -1/25 HPs)
             Began as an Armataur Warper on May 6, 2023.
             Slain by a gnoll
             ... wielding a +0 club
              (5 damage)
             ... on level 1 of the Dungeon.
             The game lasted 00:02:56 (801 turns).

Aldia the Grasshopper (Armataur Warper)              Turns: 801, Time: 00:02:57

Health: -1/25      AC:  4    Str: 16    XL:     2   Next: 31%
Magic:  4/4        EV:  9    Int: 13    God:
Gold:   32         SH:  0    Dex:  9    Spells: 0/4 levels left

rFire   . . .        a - +0 mace
rCold   . . .        (no shield)
rNeg    . . .        b - +0 leather armour
rPois   .            (no helmet)
rElec   .            (no cloak)
rCorr   .            (no gloves)
SInv    .            (no barding)
Will    .....        (no amulet)
Stlth   +            (no ring)
HPRegen 0.24/turn    (no ring)
MPRegen 0.09/turn

%: roll
@: no status effects
A: large, rugged brown scales 3, deformed body, armoured tail, roll, long
tongue, awkward tongue
a: no special abilities


You were on level 1 of the Dungeon.
You visited 1 branch of the dungeon, and saw 1 of its levels.

You collected 32 gold pieces.

Inventory:

Hand Weapons
 a - a +0 mace (weapon)
Missiles
 d - 7 boomerangs of dispersal (quivered)
Armour
 b - a +0 leather armour (worn)
Scrolls
 c - a scroll of blinking
 e - 2 scrolls of identify {unknown}
 h - 3 scrolls of amnesia {unknown}
 k - a scroll of magic mapping {unknown}
Potions
 f - a potion of curing {unknown}
 g - a potion of lignification {unknown}
 i - a potion of haste {unknown}
 j - 2 potions of degeneration {unknown}
 l - a potion of berserk rage {unknown}


   Skills:
 + Level 2.0 Fighting
 * Level 2.2 Maces & Flails
 - Level 0.8 Throwing
 + Level 1.6 Armour
 - Level 1.3 Dodging
 + Level 1.9 Spellcasting
 - Level 3.0 Translocations


You couldn't memorise any spells.
You knew the following spells:

 Your Spells              Type           Power      Damage    Failure   Level
a - Blink                 Tloc           18%        N/A       14%         2
b - Wereblood             Tmut           1%         N/A       43%         2

Your spell library contained the following spells:

 Spells                   Type           Power      Damage    Failure   Level
 Lesser Beckoning         Tloc           18%        N/A       14%         2
 Teleport Other           Tloc           9%         N/A       26%         3
 Beastly Appendage        Tmut           2%         N/A       32%         1
 Vhi's Electric Charge    Tloc/Air       10%        N/A       45%         3
 Manifold Assault         Tloc           9%         N/A       65%         4
 Spider Form              Tmut/Pois      1%         N/A       67%         3
 Summon Guardian Golem    Hex/Summ       1%         N/A       67%         3
 Orb of Destruction       Conj           0%         9d5       100%        7
 Spellforged Servitor     Conj/Summ      0%         N/A       100%        7


Dungeon Overview and Level Annotations

Branches:
Dungeon (1/15)

Altars:


Innate Abilities, Weirdness & Mutations

You are completely covered in rugged brown scales. (AC +3, +7% HP)
Armour fits poorly on your strangely shaped body.
You have a long armoured tail.
You roll when moving toward enemies. (Rampage)
Your long tongue fully drains potion bottles. (2x potion effects)
Your tongue gives you trouble enunciating. (1.5x scroll delay)


Message History

A nearby plant withers and dies.
A nearby plant withers and dies. x2
You hit the gnoll but do no damage.
Your tail-slap misses the gnoll.
The gnoll barely misses you.
You closely miss the gnoll. The gnoll hits you but does no damage.
You completely miss the gnoll.
You tail-slap the gnoll, but do no damage.
The gnoll barely misses you.
You hit the gnoll but do no damage.
Your tail-slap misses the gnoll.
The gnoll hits you with a +0 club. x2
You barely miss the gnoll. You tail-slap the gnoll.
The gnoll is lightly wounded.
The gnoll hits you with a +0 club.
A quokka comes into view.
You closely miss the gnoll.
The gnoll is lightly wounded.
The gnoll hits you with a +0 club.
You are too injured to fight recklessly!
You are too injured to fight recklessly!
You are too injured to fight recklessly!
You barely miss the gnoll.
The gnoll is lightly wounded.
The gnoll hits you with a +0 club.
* * * LOW HITPOINT WARNING * * *
The gnoll closely misses you.
You hit the gnoll but do no damage.
The gnoll is lightly wounded.
The quokka twitches its whiskers.
The gnoll barely misses you.
You hit the gnoll.
The gnoll is lightly wounded.
The gnoll closely misses you.
You thump the gnoll!
Your tail-slap misses the gnoll.
The gnoll is almost dead.
The gnoll hits you with a +0 club.
* * * LOW HITPOINT WARNING * * *
You closely miss the gnoll.
The gnoll is almost dead.
The gnoll hits you with a +0 club.
You die...

#.......................
#.......................
#.......................
#.......................
#).................#....
#........^.#####..##....
##'#......## #..##....
#.####.########..######
#.....@................
#....##g#########..####.
#.##.##r# #..# #. ...
...... #..# #.
.....#..P.P.P #..#####
######.P.P..PP #.......
#..P....P. #>######
#.PP.P..P.# #.# ### #)#
#.#


You could see a gnoll and a quokka.

Vanquished Creatures
  2 endoplasms (D:1)
  A giant cockroach (D:1)
  A goblin (D:1)
  3 jackals (D:1)
  A quokka (D:1)
  A frilled lizard (D:1)
  2 kobolds (D:1)
  A rat (D:1)
12 creatures vanquished.

Vanquished Creatures (others)
  3 plants (D:1)
3 creatures vanquished.

Grand Total: 15 creatures vanquished

Notes
Turn   | Place    | Note
-------+----------+-------------------------------------------
     0 | D:1      | Aldia the Armataur Warper began the quest for the Orb.
     0 | D:1      | Reached XP level 1. HP: 18/18 MP: 3/3
   408 | D:1      | Reached XP level 2. HP: 15/25 MP: 4/4
   411 | D:1      | Learned a level 2 spell: Blink
   414 | D:1      | Learned a level 2 spell: Wereblood
   801 | D:1      | Slain by a gnoll

Illustrated notes

Levels and vault maps discovered:
D:1:      evilmike_arrival_rings, layout_basic, minmay_crystal_water,
          nicolae_grassy_gnolls

Skill      XL: |  1  2 |
---------------+-------+-----
Maces & Flails | 2 |  2.2
Fighting       | 2 |  2.0
Throwing       | |  0.8
Armour         | |  1.6
Dodging        | |  1.3
Spellcasting   | |  1.9
Translocations | |  3.0

Action                     || total
---------------------------++-------
  Melee: Mace              ||    60
         Tailslap          ||    11
 Armour: Leather armour    ||    31
  Dodge: Dodged            ||    38
